 Dungeon Crawl Stone Soup version 0.24.1-1-gd1d2a07e1b (webtiles) character file.

Game seed: 4047721511042019201, levelgen mode: deterministic

5884 Descartes the Thaumaturge (level 10, -5/50 HPs)
             Began as a Deep Elf Air Elementalist on Apr 8, 2020.
             Was a Priest of Dithmenos.
             Slain by a gnoll shaman
             ... wielding the +9 rapier of Subterfuge {protect, +Blink rElec Str-2 Int+3 SInv}
              (11 damage)
             ... on level 8 of the Dungeon.
             The game lasted 00:32:46 (14526 turns).

Descartes the Thaumaturge (DEAE)                   Turns: 14526, Time: 00:32:47

Health: -5/50      AC:  2    Str:  5    XL:     10   Next: 52%
Magic:  0/25       EV: 20    Int: 24    God:    Dithmenos [***...]
Gold:   418        SH:  0    Dex: 15    Spells: 15/28 levels left

rFire    . . .     SeeInvis .   z - +4 dagger of the Coward {freeze, rElec rPois Stlth-}
rCold    . . .     Gourm    .   (no shield)
rNeg     . . .     Faith    .   a - +0 robe
rPois    +         Spirit   +   (no helmet)
rElec    +         Reflect  .   (no cloak)
rCorr    .         Harm     .   (no gloves)
MR       +....                  (no boots)
Stlth    ++++......             B - amulet of guardian spirit
HPRegen  0.16/turn              p - +2 ring of evasion
MPRegen  0.19/turn              (no ring)

@: wreathed by umbra
A: no striking features
a: Shadow Step, Renounce Religion


You were on level 8 of the Dungeon.
You worshipped Dithmenos.
Dithmenos was most pleased with you.
You were not hungry.

You visited 2 branches of the dungeon, and saw 9 of its levels.

You collected 418 gold pieces.

Inventory:

Hand Weapons
 q - a +0 longbow
 s - a +0 dagger of electrocution
 z - the +4 dagger of the Coward (weapon) {freeze, rElec rPois Stlth-}
   (You found it on level 7 of the Dungeon)

   It has been specially enchanted to freeze those struck by it, causing extra
   injury to most foes and up to half again as much damage against particularly
   susceptible opponents.
   It can also slow down cold-blooded creatures.
   It insulates you from electricity.
   It protects you from poison.
   It makes you less stealthy.
Missiles
 b - 115 sling bullets
 h - 196 arrows
 i - 49 bolts
 l - 207 stones (quivered)
 t - 22 boomerangs
 x - 3 curare-tipped darts
 F - 4 boomerangs of dispersal
 I - 25 poisoned darts
 K - a throwing net
Armour
 a - a +0 robe (worn)
 C - a +2 scale mail of positive energy
Jewellery
 p - a +2 ring of evasion (left hand)
 B - an amulet of guardian spirit (around neck)
Wands
 j - a wand of iceblast (9)
 H - a wand of paralysis (11)
 L - a wand of digging (3)
Scrolls
 d - 2 scrolls of remove curse
 e - 2 scrolls of noise {unknown}
 g - a scroll of acquirement {unknown}
 n - 4 scrolls of amnesia {unknown}
 u - a scroll of enchant weapon {unknown}
 y - a scroll of blinking {unknown}
 D - a scroll of immolation {unknown}
 E - a scroll of holy word {unknown}
 G - 2 scrolls of teleportation {unknown}
 J - a scroll of magic mapping {unknown}
 M - a scroll of fog {unknown}
 N - 3 scrolls of identify
Potions
 f - 6 potions of curing
 m - 2 potions of magic
 o - a potion of haste
 r - 2 potions of might
 v - a potion of agility
 A - 3 potions of lignification
Comestibles
 c - 12 rations
 k - 6 chunks of flesh


   Skills:
 + Level 8.8 Dodging
 + Level 9.5 Stealth
 + Level 9.7 Spellcasting
 + Level 7.7 Conjurations
 + Level 2.1 Charms
 + Level 1.7 Necromancy
 + Level 7.6 Air Magic


You had 15 spell levels left.
You knew the following spells:

 Your Spells              Type           Power        Failure   Level  Hunger
a - Shock                 Conj/Air       ####         1%          1    None
b - Airstrike             Air            #####.....   2%          4    #......
c - Static Discharge      Conj/Air       #####...     1%          3    None
d - Regeneration          Chrm/Necr      ###.......   8%          3    None
e - Swiftness             Chrm/Air       #####...     1%          2    None

Your spell library contained the following spells:

 Spells                   Type           Power        Failure   Level  Hunger
 Animate Skeleton         Necr           N/A          2%          1    None
 Pain                     Necr           ###.         2%          1    None
 Lightning Bolt           Conj/Air       #####.....   6%          5    ####...
 Vampiric Draining        Necr           ###.......   9%          3    None
 Animate Dead             Necr           N/A          26%         4    #......
 Irradiate                Conj/Tmut      ####......   30%         5    ####...
 Hydra Form               Tmut           ##........   100%        6    ######.
 Statue Form              Tmut/Erth      ##.......    100%        6    ######.
 Dragon Form              Tmut           ##........   100%        7    #######


Dungeon Overview and Level Annotations

Branches:
Dungeon (8/15)             Temple (1/1) D:6
   Lair: D:8-11

Altars:
Ashenzari
Cheibriados
Dithmenos
Elyvilon
Fedhas
Gozag
Hepliaklqana
Kikubaaqudgha
Makhleb
Nemelex Xobeh
Okawaru
Qazlal
Ru
Sif Muna
Trog
Uskayaw
Vehumet
Wu Jian
Xom
Yredelemnul
Zin
The Shining One

Shops:
D:4 :

Annotations:
D:8 exclusion: manticore


Message History

Casting: Airstrike (safe; 2% risk of failure)
Confirm with . or Enter, or press ? or * to list all spells.
Aiming: Shock (safe; 1% risk of failure)
Press: ? - help, Shift-Dir - straight line, f/p - gnoll shaman
Aim: a gnoll shaman, wielding the +9 rapier of Subterfuge {protect, +Blink rElec Str-2 Int+3 SInv} and wearing a +0 chain mail (almost dead, umbra)
The zap hits the gnoll shaman.
The gnoll shaman resists.
The gnoll shaman is almost dead.
The gnoll shaman barely misses you.
You barely miss the gnoll shaman.
The gnoll shaman is almost dead.
The gnoll shaman barely misses you.
Casting: Shock (safe; 1% risk of failure)
Confirm with . or Enter, or press ? or * to list all spells.
Aiming: Shock (safe; 1% risk of failure)
Press: ? - help, Shift-Dir - straight line, f/p - gnoll shaman
Aim: a gnoll shaman, wielding the +9 rapier of Subterfuge {protect, +Blink rElec Str-2 Int+3 SInv} and wearing a +0 chain mail (almost dead, umbra)
The zap hits the gnoll shaman but does no damage.
The gnoll shaman is almost dead.
The gnoll shaman hits you with the +9 rapier of Subterfuge {protect, +Blink rElec Str-2 Int+3 SInv}!
You die...

).).♣≈≈≈...♣.≈≈≈≈≈≈≈≈≈≈≈≈♣.≈≈≈≈..
.)....♣≈....♣..≈≈≈≈≈≈≈≈≈....≈≈...
........♣..≈..≈≈≈≈≈≈≈≈≈≈≈♣..♣...≈
≈...♣♣...≈≈≈≈♣....≈≈≈≈≈≈≈♣......≈
♣≈.≈≈≈≈..≈≈≈≈≈≈≈.♣≈#####≈...≈≈≈..
≈..♣≈≈≈....≈≈≈≈...##≈≈≈##.≈≈≈≈≈≈.
≈...=..♣...≈.≈.≈g##≈≈≈≈≈##.≈≈....
....≈≈≈≈≈≈......≈#≈....≈≈#...≈≈≈.
..≈.≈≈≈≈≈≈≈≈....@g)...[.≈'.≈.≈≈≈≈
..≈≈≈##≈≈≈≈≈≈≈.≈≈#≈≈....≈#.≈≈≈≈≈♣
##.≈≈#######≈..♣≈##≈≈≈≈≈##♣≈≈≈♣..
##### ####≈≈≈##≈≈≈## #######
#≈≈≈≈##### #≈≈≈≈≈# #######


You could see a gnoll sergeant and a gnoll shaman.

Vanquished Creatures
  A merfolk (D:8)
  A troll (D:8)
  A wraith (D:6)
  A wyvern (D:8)
  A yak (D:8)
  3 orc warriors
  A phantom (D:8)
  A sky beast (D:8)
  6 black bears (D:8)
  2 centaurs
  5 ogres
  3 big kobolds (D:8)
  11 bullfrogs
  A scorpion (D:7)
  8 killer bees (D:7)
  4 wights (D:7)
  8 electric eels (D:8)
  4 howler monkeys
  A jelly (D:7)
  A bullfrog zombie (D:6)
  4 crimson imps
  5 hounds
  10 orc priests
  A bullfrog skeleton (D:4)
  7 orc wizards
  3 gnoll shamans (D:8)
  Natasha (thrice) (D:4)
  5 worker ants
  A hound zombie (D:6)
  2 hound skeletons
  11 gnolls
  7 adders
  2 oozes
  5 adder skeletons
  2 adder zombies (D:7)
  A worm (D:2)
  2 dart slugs
  8 leopard geckos
  27 orcs
  5 giant cockroaches
  10 goblins
  6 hobgoblins
  12 jackals
  2 quokkas
  2 ball pythons
  7 bats
  7 frilled lizards
  2 jackal skeletons
  8 kobolds
  2 quokka skeletons
  13 rats
  A butterfly (D:6)
247 creatures vanquished.

Vanquished Creatures (others)
  An ooze (D:5)
  A plant (D:8)
2 creatures vanquished.

Grand Total: 249 creatures vanquished

Notes
Turn   | Place    | Note
-------+----------+-------------------------------------------
     0 | D:1      | Descartes the Deep Elf Air Elementalist began the quest for
                  | the Orb.
     0 | D:1      | Reached XP level 1. HP: 10/10 MP: 6/6
   295 | D:1      | Reached XP level 2. HP: 4/15 MP: 1/8
   927 | D:1      | Reached XP level 3. HP: 19/19 MP: 4/9
  1933 | D:2      | Reached XP level 4. HP: 6/24 MP: 2/11
  2158 | D:2      | Found a blossoming altar of Fedhas.
  3045 | D:3      | Reached XP level 5. HP: 28/28 MP: 10/13
  3997 | D:4      | Noticed Natasha
  4001 | D:4      | Killed Natasha
  4036 | D:4      | Found a shadowy altar of Dithmenos.
  4043 | D:4      | Became a worshipper of Dithmenos the Shadowed
  4051 | D:4      | Noticed Natasha
  4056 | D:4      | Killed Natasha
  4057 | D:4      | Reached XP level 6. HP: 22/32 MP: 7/14
  4139 | D:4      | Learned a level 4 spell: Airstrike
  4143 | D:4      | Learned a level 3 spell: Static Discharge
  4174 | D:4      | Found Mokhiase's Book Shop.
  4619 | D:4      | Noticed Natasha
  4624 | D:4      | Killed Natasha
  5037 | D:4      | Found a sacrificial altar of Ru.
  5083 | D:4      | Found a glowing silver altar of Zin.
  5085 | D:4      | Found an opulent altar of Gozag.
  5086 | D:4      | Found an ornate altar of the Wu Jian Council.
  5087 | D:4      | Found a hazy altar of Hepliaklqana.
  5089 | D:4      | Found a glowing golden altar of the Shining One.
  5090 | D:4      | Found a shimmering blue altar of Sif Muna.
  5178 | D:5      | Entered Level 5 of the Dungeon
  5248 | D:5      | Reached skill level 5 in Spellcasting
  5410 | D:5      | Reached XP level 7. HP: 36/36 MP: 10/16
  5552 | D:5      | Reached skill level 5 in Stealth
  5557 | D:5      | Reached * piety under Dithmenos
  6915 | D:5      | Reached skill level 5 in Dodging
  7791 | D:6      | Reached skill level 5 in Air Magic
  7791 | D:6      | Reached XP level 8. HP: 28/41 MP: 7/19
  8509 | D:6      | Reached skill level 5 in Conjurations
  8660 | D:6      | Found a staircase to the Ecumenical Temple.
  8755 | Temple   | Entered the Ecumenical Temple
  9644 | D:7      | Reached XP level 9. HP: 41/45 MP: 9/22
  9939 | D:7      | Got a crude dagger
  9940 | D:7      | Identified the +4 dagger of the Coward {freeze, rElec rPois
                  | Stlth-} (You found it on level 7 of the Dungeon)
 10025 | D:7      | Reached ** piety under Dithmenos
 11770 | D:8      | Noticed a manticore
 12370 | D:8      | Reached XP level 10. HP: 50/50 MP: 16/25
 13071 | D:8      | Reached *** piety under Dithmenos
 13505 | D:8      | HP: 1/50 [troll (3)]
 13510 | D:8      | HP: 1/50 [troll (6)]
 13744 | D:8      | Learned a level 3 spell: Regeneration
 13747 | D:8      | Learned a level 2 spell: Swiftness
 13862 | D:8      | Found a basalt altar of Yredelemnul.
 14003 | D:8      | Reached skill level 1 in Charms
 14003 | D:8      | Reached skill level 1 in Necromancy
 14434 | D:8      | Identified the +9 rapier of Subterfuge {protect, +Blink
                  | rElec Str-2 Int+3 SInv}
 14526 | D:8      | Slain by a gnoll shaman

Levels and vault maps discovered:
D:1:      nicolae_arrival_washed_ashore, layout_basic, minmay_pentomino_x2
D:2:      layout_basic, first_ration, fedhas_altar_3
D:3:      layout_basic
D:4:      layout_basic, minitemple, serial_shops, shop,
          grunt_dithmenos_smoke_and_mirrors, uniq_natasha
D:5:      layout_gridville, lemuel_flame_loot_1
D:6:      layout_cave_pools, minmay_temple_entry_butterflies
D:7:      layout_loops_corners
D:8:      kennysheep_town
Temple:   regret_index_temple_waves

Skill      XL: |  1  2  3  4  5  6  7  8  9 10 |
---------------+-------------------------------+-----
Stealth        | 3 4 5 7 8 9 |  9.5
Dodging        | 3 4 5 6 8 |  8.8
Conjurations   | 2 3 4 5 7 |  7.7
Spellcasting   | 4 5 6 7 9 |  9.7
Air Magic      | 4 5 6 7 |  7.6
Charms         | 2 |  2.1
Necromancy     | 1 |  1.7

Action                   |  1- 3 |  4- 6 |  7- 9 | 10-12 || total
-------------------------+-------+-------+-------+-------++-------
Melee: Dagger            |       |       |    38 |     4 ||    42
 Cast: Shock             |    92 |   123 |   356 |   155 ||   726
       Airstrike         |       |     1 |    27 |    22 ||    50
       Static Discharge  |       |       |       |     3 ||     3
Evoke: Wand              |       |       |       |     2 ||     2
  Use: Scroll            |       |     4 |     7 |       ||    11
       Potion            |       |       |       |     4 ||     4
  Eat: Chunk             |     3 |    10 |    11 |     6 ||    30
       Ration            |       |       |     4 |       ||     4
Armor: Robe              |     6 |     2 |     7 |     5 ||    20
Dodge: Dodged            |    14 |    32 |   205 |   107 ||   358
